 Dungeon Sprint DCSS version 0.31-a0-986-g5e6e4ef867 (webtiles) character file.

Game seed: 6322461781071622287

881 sircluck the Grappler (level 7, -10/81 HPs)
             Began as a Troll Berserker on Nov 20, 2023.
             Was a Believer of Trog.
             Mangled by a centaur warrior (11 damage)
             ... in the Dungeon (Sprint I: "Red Sonja").
             The game lasted 00:00:18 (106 turns).

sircluck the Grappler (Troll Berserker)              Turns: 106, Time: 00:00:19

Health: -10/81     AC:  4    Str: 28    XL:     7   Next: 75%
Magic:  6/6        EV: 12    Int:  3    God:    Trog [**....]
Gold:   169        SH:  0    Dex:  9    Spells: 6/6 levels left

rFire   . .          .
                       - Unarmed
rCold   . . .        (no shield)
rNeg    . . .        a - +0 animal skin
rPois   .            (helmet restricted)
rElec   .            (no cloak)
rCorr   .            (gloves unavailable)
SInv    .            (boots unavailable)
Will    .....        (no amulet)
Stlth   +            (no ring)
HPRegen 1.13/turn    (no ring)
MPRegen 0.10/turn

%: no teleportation
@: on berserk cooldown, slowed, very slow
A: large, unfitting armour, claws 3, regeneration 1, shaggy fur 1, tough skin 1
a: Renounce Religion, Berserk, Trog's Hand


You were in the Dungeon.
You worshipped Trog.
Trog was pleased with you.
You visited 1 branch You collected 169 gold pieces.

Inventory:

Armour
 a - a +0 animal skin (worn)
Wands
 h - a wand of flame (16)
Scrolls
 g - a scroll of blinking
Potions
 b - a potion of curing
 c - a potion of heal wounds
 d - a potion of haste
 e - 2 potions of magic
 f - a potion of berserk rage


   Skills:
 + Level 8.8 Fighting
 + Level 8.7 Dodging
 + Level 10.3 Unarmed Combat


You had 6 spell levels left.
You didn't know any spells.
Your spell library was empty.

Dungeon Overview and Level Annotations

Branches:
Dungeon (1/1)

Altars:
Sif Muna
Vehumet
Wu Jian


Innate Abilities, Weirdness & Mutations

You are too large for most types of armour.
You have claws for hands.
Your natural rate of healing is unusually fast.
You are covered in fur. (AC +1)
You have tough skin. (AC +1)


Message History

Your Dodging skill gained 2 levels and is now at level 8!
Your Unarmed Combat skill gained 2 levels and is now at level 10!
You have reached level 7!
Unknown command.
You scratch the centaur warrior.
The centaur warrior is lightly wounded.
You claw the centaur warrior!
The centaur warrior is moderately wounded.
The centaur warrior hits you!
* * * LOW HITPOINT WARNING * * *
The centaur warrior barely misses you.
You completely miss the centaur warrior.
The centaur warrior is moderately wounded.
You are no longer berserk.
You are exhausted.
You feel yourself slow down. The centaur warrior hits you.
* * * LOW HITPOINT WARNING * * *
The centaur warrior kicks you but does no damage.
Unknown command.
Unknown command.
You closely miss the centaur warrior.
The centaur warrior is moderately wounded.
The centaur warrior hits you.
* * * LOW HITPOINT WARNING * * *
The centaur warrior kicks you.
* * * LOW HITPOINT WARNING * * *
The centaur warrior hits you.
* * * LOW HITPOINT WARNING * * *
The centaur warrior kicks you.
* * * LOW HITPOINT WARNING * * *
Unknown command.
Unknown command.
You scratch the centaur warrior.
The centaur warrior is moderately wounded.
The centaur warrior hits you.
* * * LOW HITPOINT WARNING * * *
The centaur warrior kicks you.
* * * LOW HITPOINT WARNING * * *
The centaur warrior hits you!
You die...

###############
<.#..').#..'..#
..').#..').#..+
..#####'#####'#
### ..# #..#
#.####!§# ..#
#### ##§#c§§§§#
..# #_.'~@§§.+
⌠⌠#
+..._#§§§§§#
###
#_.#+##+####
##+


You could see a centaur warrior.

Vanquished Creatures
  A centaur warrior (D)
  Sigmund (D)
  An ogre (D)
  A jelly (D)
  Ijyb (D)
5 creatures vanquished.

Notes
Turn   | Place    | Note
-------+----------+-------------------------------------------
     0 | D        | sircluck the Troll Berserker began the quest for the Orb.
     0 | D        | Reached XP level 1. HP: 22/22 MP: 0/0
     1 | D        | Noticed Ijyb
    12 | D        | Killed Ijyb
    13 | D        | Reached skill level 4 in Unarmed Combat
    13 | D        | Reached XP level 2. HP: 20/32 MP: 1/1
    26 | D        | Noticed an ogre
    32 | D        | Killed an ogre
    33 | D        | Reached skill level 5 in Fighting
    33 | D        | Reached skill level 5 in Dodging
    33 | D        | Reached skill level 6 in Unarmed Combat
    33 | D        | Reached XP level 3. HP: 42/42 MP: 2/2
    33 | D        | Reached XP level 4. HP: 50/50 MP: 3/3
    43 | D        | Noticed Sigmund
    50 | D        | Killed Sigmund
    50 | D        | Reached ** piety under Trog
    51 | D        | Reached skill level 7 in Unarmed Combat
    51 | D        | Reached XP level 5. HP: 44/61 MP: 4/4
    51 | D        | Reached XP level 6. HP: 49/68 MP: 5/5
    81 | D        | Found an ornate altar of the Wu Jian Council.
    81 | D        | Found a shimmering blue altar of Sif Muna.
    83 | D        | Found a radiant altar of Vehumet.
    87 | D        | Reached skill level 8 in Unarmed Combat
    92 | D        | Noticed a centaur warrior
    92 | D        | Noticed a centaur warrior
   101 | D        | Killed a centaur warrior
   102 | D        | Reached skill level 10 in Unarmed Combat
   102 | D        | Reached XP level 7. HP: 32/81 MP: 6/6
   106 | D        | HP: 4/81 [centaur warrior (5)]
   106 | D        | HP: 1/81 [centaur warrior (3)]
   106 | D        | Mangled by a centaur warrior

Illustrated notes

Levels and vault maps discovered:
D:        dungeon_sprint_1 [red_sonja_temple_1, red_sonja_temple_small_1]

Skill      XL: |  1  2  3  4  5  6 |
---------------+-------------------+-----
Fighting       | 3 5 6 8 |  8.8
Dodging        | 3 5 6 8 |  8.7
Unarmed Combat | 4 6 7 10 | 10.3

Action                     |  1- 3 |  4- 6 |  7- 9 || total
---------------------------+-------+-------+-------++-------
  Melee: Unarmed           |    15 |    13 |     5 ||    33
         Punch             |       |     1 |       ||     1
 Invoke: Berserk           |       |     1 |       ||     1
 Armour: Animal skin       |     6 |    16 |    10 ||    32
  Dodge: Dodged            |     6 |     7 |     1 ||    14

Table legend: (Time is in decaauts)
 A = Elapsed time spent in this place.
 B = Non-inter-level travel time spent in this place.
 C = Inter-level travel time spent in this place.
 D = Time resting spent in this place.
 E = Time spent auto-exploring this place.
 F = Levels seen in this place.
 G = Mean time per level.
                   A        B        C        D        E       F      G
               +--------+--------+--------+--------+--------+-----+--------+
         Total |     99 |     99 |      0 |      0 |     57 |   1 |   99.0 |
       Dungeon |     99 |     99 |      0 |      0 |     57 |   1 |   99.0 |
               +--------+--------+--------+--------+--------+-----+--------+

Top non-repeatable levels by time:
       D: 99 daAuts
